Map: White Rabbit LE

Players

HoldTheDoor

  • Race: Protoss Protoss
  • League: Diamond
  • Spawn Location: 7:00

Vedun - Winner!

  • Race: Protoss Protoss
  • League: Master
  • Spawn Location: 1:00

VOD

Have the link to the VOD?

Description

Time

  • Played on: May 11, 2026, 10:09 a.m.
  • Length: 5:35
Show
View Real Time Build Order
Export as new Build Order

HoldTheDoor Protoss 

Build Orders:  

Get SALT Encoding   

  12  0:00  Probe  
  13  0:12  Probe  
  14  0:17  Pylon  
  14  0:23  Probe  
  15  0:31  Probe  
  16  0:38  Gateway  
  16  0:39  Probe  
  17  0:50  Assimilator  
  17  0:51  Probe  
  18  1:02  Assimilator  
  18  1:06  Probe  
  19  1:18  Probe, Gateway  
  20  1:30  Probe  
  21  1:40  Assimilator  
  21  1:42  Probe  
  22  1:52  Cybernetics Core  
  22  1:54  Probe  
  23  2:01  Pylon  
  23  2:16  Stalker x2  
  23  2:19  Probe  
  28  2:31  Warp Gate  
  28  2:33  Probe  
  28  2:35  Pylon  
  29  2:40  Shield Battery  
  29  2:45  Probe  
  29  2:50  Stalker  
  30  2:53  Sentry  
  34  3:00  Probe  
  34  3:04  Pylon  
  35  3:09  Robotics Facility  
  35  3:35  Gateway  
  35  3:38  Gateway  
  35  3:39  Stalker x2  
  39  3:54  Warp Prism  
  41  4:12  Pylon  
  41  4:20  Stalker x2  
  45  4:33  Pylon  
  45  4:37  Pylon  
  45  4:42  Stalker x2  
  49  5:03  Sentry  
  49  5:04  Zealot  
  49  5:05  Zealot  
  55  5:08  Stalker  
  43  5:29  Stalker x3  
Show
View Real Time Build Order
Export as new Build Order

Vedun Protoss - Winner!

Build Orders:  

Get SALT Encoding   

  12  0:00  Probe  
  13  0:12  Probe  
  14  0:17  Pylon  
  14  0:24  Probe  
  15  0:35  Probe  
  15  0:36  Gateway  
  16  0:43  Probe  
  17  0:50  Assimilator  
  17  0:54  Probe  
  18  1:01  Assimilator  
  18  1:07  Probe  
  19  1:17  Pylon  
  19  1:19  Probe  
  20  1:28  Cybernetics Core  
  20  1:35  Probe  
  21  1:41  Assimilator  
  21  2:07  Nexus  
  21  2:10  Stalker  
  23  2:18  Warp Gate  
  23  2:21  Probe  
  24  2:28  Pylon  
  24  2:33  Probe  
  25  2:44  Stalker  
  25  2:47  Robotics Facility  
  25  2:48  Probe  
  28  3:08  Shield Battery  
  28  3:12  Sentry  
  28  3:14  Pylon  
  30  3:23  Probe  
  30  3:24  Probe  
  32  3:35  Immortal  
  32  3:39  Probe x2  
  38  3:51  Probe x2  
  40  4:03  Probe x2  
  40  4:06  Shield Battery  
  40  4:08  Shield Battery  
  40  4:09  Stalker  
  44  4:12  Immortal  
  44  4:15  Probe  
  45  4:21  Probe  
  50  4:27  Probe  
  51  4:31  Gateway  
  51  4:39  Pylon  
  51  4:40  Probe x2  
  53  4:51  Pylon  
  53  4:54  Gateway  
  57  5:02  Stalker  
  57  5:05  Probe  
  57  5:06  Probe  
Tags
 
Matchup
PvP
Replay Pack
SC2Mai2026
Spawn Locations
Cross Positions
Add a new tag
Caveats
  • Supply blocks, unpowered buildings, or Contaminate may cause inaccurate times.
  • Supply counts are checked every 10 seconds.